 Dungeon Crawl Stone Soup version 0.31-a0-986-g5e6e4ef867 (webtiles) character file.

Game seed: 7400815732120871302

2 LadyBoffin the Covert (level 1, 0/23 HPs)
             Began as a Gnoll Delver on Nov 8, 2023.
             Was an Initiate of Nemelex Xobeh.
             Slain by a water moccasin (4 damage)
             ... on level 6 of the Dungeon.
             The game lasted 00:06:18 (758 turns).

LadyBoffin the Covert (Gnoll Delver)                 Turns: 758, Time: 00:06:18

Health: 0/23       AC:  3    Str: 15    XL:     1   Next: 30%
Magic:  1/1        EV: 13    Int:  6    God:    Nemelex Xobeh [......]
Gold:   46         SH:  0    Dex: 12    Spells: 0/0 levels left

rFire   . . .        a - +0 short sword
rCold   . . .        (no shield)
rNeg    . . .        b - +0 leather armour
rPois   .            (no helmet)
rElec   .            (no cloak)
rCorr   .            (no gloves)
SInv    .            (no boots)
Will    .....        (no amulet)
Stlth   ++++         (no ring)
HPRegen 0.23/turn    (no ring)
MPRegen 0.07/turn

%: no passive effects
@: lethally poisoned (0 -> -4)
A: fangs 1, strong nose, distributed training, dopey 1, passive freeze, strong 1
a: Renounce Religion, Draw Escape, Draw Destruction, Draw Summoning


You were on level 6 of the Dungeon.
You worshipped Nemelex Xobeh.
Nemelex Xobeh was noncommittal.
You visited 2 branches of the dungeon, and saw 4 of its levels.

You collected 46 gold pieces.

Inventory:

Hand Weapons
 a - a +0 short sword (weapon)
 i - a +0 falchion
Armour
 b - a +0 leather armour (worn)
Talismans
 k - a serpent talisman
Wands
 g - a wand of digging (3)
Scrolls
 c - 3 scrolls of fog
 d - a scroll of revelation
 e - a scroll of fear
 j - a scroll of identify
 l - a scroll of amnesia
Potions
 f - a potion of haste


   Skills:
 + Level 6.4 Fighting
 + Level 4.4 Short Blades
 + Level 0.0 Long Blades
 + Level 0.0 Axes
 + Level 0.0 Maces & Flails
 + Level 0.0 Polearms
 + Level 0.0 Staves
 + Level 0.0 Ranged Weapons
 + Level 0.0 Throwing
 + Level 0.0 Armour
 + Level 4.4 Dodging
 + Level 9.5 Stealth
 + Level 0.0 Shields
 + Level 0.0 Unarmed Combat
 + Level 0.0 Spellcasting
 + Level 0.0 Conjurations
 + Level 0.0 Hexes
 + Level 0.0 Summonings
 + Level 0.0 Necromancy
 + Level 0.0 Translocations
 + Level 0.0 Transmutations
 + Level 0.0 Fire Magic
 + Level 0.0 Ice Magic
 + Level 0.0 Air Magic
 + Level 0.0 Earth Magic
 + Level 0.0 Poison Magic
 + Level 0.1 Invocations
 + Level 0.0 Evocations
 + Level 0.0 Shapeshifting


You couldn't memorise any spells.
You didn't know any spells.
Your spell library contained the following spells:

 Spells                   Type           Power      Damage    Failure   Level
 Necrotise                Necr           0%         1d4       52%         1
 Vampiric Draining        Necr           0%         2d6       88%         3
 Agony                    Necr           0%         N/A       100%        5
 Freezing Cloud           Conj/Ice/Air   0%         6-21      100%        5
 Conjure Ball Lightning   Conj/Air       0%         3x3d6     100%        6
 Disjunction              Tloc           0%         N/A       100%        8


Dungeon Overview and Level Annotations

Branches:
Dungeon (7/15)             Temple (1/1) D:6

Altars:
Dithmenos
Hepliaklqana
Nemelex Xobeh
Okawaru
Qazlal
Ru
Sif Muna
Trog
Uskayaw
Vehumet
Wu Jian
Xom
The Shining One


Innate Abilities, Weirdness & Mutations

You have very sharp teeth.
Your uncanny sense of smell can sniff out nearby items.
Your experience applies equally to all skills.
You are dopey. (Int -2)
A frigid envelope surrounds you and freezes all who hurt you.
Your muscles are strong. (Str +4, Int/Dex -1)


Message History

You feel your willpower return.
The howler monkey hoots and howls with incredible vigour!
You hear a bark!
The water moccasin closely misses you.
There is a stone staircase leading down here.
The water moccasin completely misses you.
You climb downwards.
There is a stone staircase leading up here.
You hit the water moccasin.
The water moccasin is lightly wounded.
The water moccasin closely misses you.
You hit the water moccasin.
The water moccasin is lightly wounded.
The water moccasin bites you.
You are poisoned.
The water moccasin poisons you!
You hit the water moccasin.
You bite the water moccasin, but do no damage.
The water moccasin is moderately wounded.
You feel very sick.
The water moccasin bites you but does no damage.
You hit the water moccasin.
You bite the water moccasin, but do no damage.
The water moccasin is moderately wounded.
You feel sick.
The water moccasin bites you but does no damage.
You hit the water moccasin.
The water moccasin is heavily wounded.
You feel sick. The water moccasin bites you.
* * * LOW HITPOINT WARNING * * *
It was a potion of mutation.
You feel extremely strange.
Your skin feels very cold.
You feel stronger.
You feel stupid.
* * * LOW HITPOINT WARNING * * *
You feel sick.
The water moccasin closely misses you. x2
You hit the water moccasin.
The water moccasin is heavily wounded.
* * * LOW HITPOINT WARNING * * *
You feel sick. The water moccasin bites you.
You die...
Your body disappears without a glow.

#.......##........#.###.#.....#.#
##.<....##...................##..
##.................####...####..
##.##.############# #...# ###
####.# ######### #.######## #.#
#.......# #.# #....# #.#
#.......# #.# #.....
#.#####..####.# #.# #....#
#......<..@##.####.# ##.#.#
#######..#.S.......####....
#..####.#####.....##. #.......#
#.###.... ######### #.# ####.
####.### ## #......###..
#.##.#.#.... #.##.##...#


You could see a water moccasin.

Vanquished Creatures
  An orc (D:6)
1 creature vanquished.

Notes
Turn   | Place    | Note
-------+----------+-------------------------------------------
     0 | D:5      | Reached skill level 9 in Stealth
     0 | D:5      | LadyBoffin the Gnoll Delver began the quest for the Orb.
     0 | D:5      | Reached XP level 1. HP: 23/23 MP: 1/1
   174 | D:7      | Identified the of Rejuj
   219 | D:7      | Noticed a water moccasin
   250 | D:7      | Noticed a scorpion
   313 | D:6      | Found a staircase to the Ecumenical Temple.
   322 | Temple   | Entered the Ecumenical Temple
   357 | Temple   | Became a worshipper of Nemelex Xobeh the Trickster
   376 | D:6      | Noticed a water moccasin
   459 | D:6      | Found a shimmering blue altar of Sif Muna.
   510 | D:6      | Found an ornate altar of the Wu Jian Council.
   514 | D:6      | Noticed a jelly
   582 | D:5      | Noticed a howler monkey
   688 | D:5      | Noticed an ogre
   731 | D:5      | Noticed an ogre
   731 | D:5      | Noticed a hound
   734 | D:5      | Noticed a water moccasin
   757 | D:6      | Gained mutation: A frigid envelope surrounds you and
                  | freezes all who hurt you. [potion of mutation]
   757 | D:6      | Gained mutation: Your muscles are strong. (Str +4, Int/Dex
                  | -1) [potion of mutation]
   757 | D:6      | Gained mutation: You are dopey. (Int -2) [potion of
                  | mutation]
   758 | D:6      | Slain by a water moccasin

Illustrated notes

Levels and vault maps discovered:
D:5:      layout_basic, lemuel_coloured_pillars_altar
D:6:      layout_loops_cross, nicolae_wu_jian_wuxing_cycle, marbit_many_paths,
          minmay_temple_entry_stoned_glass, minmay_fire_ice_demons
D:7:      kennysheep_seaside_town, layout_basic, makhleb_heckhound_becter,
          uniq_prince_ribbit1
Temple:   hellmonk_temple_of_storms

Skill      XL: | |
---------------+-+-----
Stealth        | |  9.5
Fighting       | |  6.4
Short Blades   | |  4.4
Dodging        | |  4.4
Invocations    | |  0.1

Action                     || total
---------------------------++-------
  Melee: Short sword       ||     9
         Bite              ||     2
    Use: Scroll            ||     4
         Potion            ||     1
 Armour: Leather armour    ||     6
  Dodge: Dodged            ||     7

Table legend: (Time is in decaauts)
 A = Elapsed time spent in this place.
 B = Non-inter-level travel time spent in this place.
 C = Inter-level travel time spent in this place.
 D = Time resting spent in this place.
 E = Time spent auto-exploring this place.
 F = Levels seen in this place.
 G = Mean time per level.
                   A        B        C        D        E       F      G
               +--------+--------+--------+--------+--------+-----+--------+
         Total |    756 |    167 |    589 |      0 |      8 |   4 |  189.0 |
       Dungeon |    712 |    165 |    547 |      0 |      8 |   3 |  237.3 |
        Temple |     44 |      2 |     42 |      0 |      0 |   1 |   44.0 |
               +--------+--------+--------+--------+--------+-----+--------+

Top non-repeatable levels by time:
     D:6: 441 daAuts
     D:5: 189 daAuts
     D:7: 80 daAuts
  Temple: 44 daAuts
